 Dungeon Crawl Stone Soup version 0.25-a0-294-gea9b1ad (webtiles) character file.

Game seed: 7406039478136755637, levelgen mode: deterministic

496 AveryBadman the Slasher (level 6, -12/48 HPs)
             Began as a Demonspawn Berserker on Dec 18, 2019.
             Was a Believer of Trog.
             Mangled by an ogre
             ... wielding a +0 giant club
              (19 damage)
             ... on level 4 of the Dungeon.
             The game lasted 00:35:31 (3349 turns).

AveryBadman the Slasher (Demonspawn Berserker)      Turns: 3349, Time: 00:35:38

Health: -12/48     AC: 16    Str: 19    XL:     6   Next: 93%
Magic:  6/6        EV:  9    Int: 11    God:    Trog [**....]
Gold:   281        SH:  8    Dex: 13    Spells: 5/5 levels left

rFire    . . .     SeeInvis +   f - +3 flail
rCold    . . .     Gourm    .   k - +0 shield
rNeg     . . .     Faith    .   q - +0 ring mail
rPois    .         Spirit   .   u - +2 helmet of Usis Jan {rElec Int+3}
rElec    +         Reflect  .   (no cloak)
rCorr    .         Harm     .   r - +1 pair of gloves
MR       .....                  (no boots)
Stlth    +.........             (no amulet)
HPRegen  0.16/turn              p - ring of see invisible
MPRegen  0.10/turn              b - ring of flight

@: sanguine armour
A: powered by death 1, spiny 2, sanguine armour 1
a: Berserk, Trog's Hand, Renounce Religion, Evoke Flight


You were on level 4 of the Dungeon.
You worshipped Trog.
Trog was pleased with you.
You were not hungry.

You visited 1 branch of the dungeon, and saw 4 of its levels.
You also visited: Sewer.

You collected 281 gold pieces.

Inventory:

Hand Weapons
 a - a +1 falchion
 f - a +3 flail (weapon)
Armour
 k - a +0 shield (worn)
 q - a +0 ring mail (worn)
 r - a +1 pair of gloves (worn)
 u - the +2 helmet of Usis Jan (worn) {rElec Int+3}
   (You found it on level 4 of the Dungeon)

   It affects your intelligence (+3).
   It insulates you from electricity.
Jewellery
 b - a ring of flight (right hand)
 p - a ring of see invisible (left hand)
Wands
 w - a wand of random effects (8)
Scrolls
 h - 2 scrolls of random uselessness {unknown}
 j - 2 scrolls of fog {unknown}
 n - a scroll of fear {unknown}
 t - 3 scrolls of identify
 y - a scroll of enchant weapon
 z - a scroll of remove curse
Potions
 d - 3 potions of flight {unknown}
 e - a potion of invisibility {unknown}
 g - a potion of ambrosia {unknown}
 l - a potion of might {unknown}
 m - 2 potions of agility {unknown}
 o - a potion of berserk rage {unknown}
 x - a potion of magic {unknown}
Comestibles
 c - 3 rations
 s - 3 chunks of flesh


   Skills:
 + Level 4.0 Fighting
 + Level 4.2 Long Blades
 + Level 1.5 Maces & Flails
 + Level 3.2 Throwing
 + Level 2.0 Armour
 + Level 2.8 Dodging
 + Level 0.7 Stealth
 + Level 1.3 Shields


You had 5 spell levels left.
You didn't know any spells.
Your spell library was empty.

Dungeon Overview and Level Annotations

Branches:
Dungeon (4/15)              Sewer (visited)
 Temple: D:4-7

Altars:
Cheibriados
Makhleb


Innate Abilities, Weirdness & Mutations

You regenerate a little health from kills.
You are mostly covered in sharp spines.
When seriously injured, your bleeding wounds create armour. (AC +6)


Message History

Aim: an ogre, wielding a +0 giant club (fast, unusually strong, frenzied and insane, chance to frenzy on hit: 51%)
You throw a datura-tipped dart. The datura-tipped dart hits the ogre.
Throwing (i - inventory)
i - a datura-tipped dart (quivered)
Press: ? - help, Shift-Dir - straight line, f/p - ogre
Aim: an ogre, wielding a +0 giant club (fast, unusually strong, frenzied and insane, chance to frenzy on hit: 51%)
You throw a datura-tipped dart. The datura-tipped dart hits the ogre.
The ogre resists.
The ogre shouts!
The ogre refuses to make way for you. (Use ctrl+direction or * direction to attack.)
You sock the ogre!
The ogre is moderately wounded.
You block the ogre's attack.
Your shield and ring mail prevent you from hitting the ogre.
The ogre is moderately wounded.
The ogre hits you with a +0 giant club!!!
Ouch! That really hurt!
* * * LOW HITPOINT WARNING * * *
Your blood congeals into armour.
The ogre hits you with a +0 giant club!!
You die...

#.(. #.(# #### #.(. #.. ... #.#
#.. . #####.#####(# ##.
#........##O# ... ###
#.###.##.##@# #.# ..####.#
#.......# ##.## #......#
###...### #...# ########
##.#.#.## #...# #.##..#.# #...#
########......†## #...#
###...............# #...#
.##...<......###..#######...#####
.##..........# #.................


You could see a neutral ogre (insane).

Vanquished Creatures
  A crocodile (Sewer)
  A scorpion (D:4)
  3 hounds
  An orc wizard (D:3)
  Natasha (twice) (D:4)
  2 worker ants (D:4)
  6 gnolls (D:2)
  2 adders
  An ooze (D:4)
  A worm (D:3)
  3 dart slugs
  3 leopard geckos (D:2)
  13 orcs
  11 bats
  3 giant cockroaches
  4 goblins
  3 hobgoblins
  3 kobolds
  A quokka (D:2)
  A ball python (D:3)
  3 frilled lizards
  4 rats
72 creatures vanquished.

Notes
Turn   | Place    | Note
-------+----------+-------------------------------------------
     0 | D:1      | AveryBadman the Demonspawn Berserker began the quest for
                  | the Orb.
     0 | D:1      | Reached XP level 1. HP: 18/18 MP: 1/1
   215 | D:1      | Gained mutation: When seriously injured, your bleeding
                  | wounds create armour. (AC +6) [demonic ancestry]
   215 | D:1      | Reached XP level 2. HP: 22/24 MP: 2/2
   962 | D:2      | Reached XP level 3. HP: 20/29 MP: 3/3
  1092 | D:2      | Reached ** piety under Trog
  1421 | D:2      | Gained mutation: You are partially covered in sharp spines.
                  | [demonic ancestry]
  1421 | D:2      | Reached XP level 4. HP: 20/35 MP: 4/4
  1688 | D:2      | Found a burning altar of Makhleb.
  1694 | D:2      | Reached skill level 1 in Throwing
  1694 | D:2      | Reached skill level 1 in Shields
  2006 | D:3      | Gained mutation: You are mostly covered in sharp spines.
                  | [demonic ancestry]
  2006 | D:3      | Reached XP level 5. HP: 41/41 MP: 5/5
  2042 | D:3      | Found a snail-covered altar of Cheibriados.
  2090 | D:3      | Found a glowing drain.
  2099 | Sewer    | Entered a sewer
  2128 | Sewer    | Noticed a crocodile
  2136 | Sewer    | Killed a crocodile
  2785 | D:3      | Gained mutation: You regenerate a little health from kills.
                  | [demonic ancestry]
  2785 | D:3      | Reached XP level 6. HP: 48/48 MP: 6/6
  3185 | D:4      | Got a bloodstained helmet
  3196 | D:4      | Identified the +2 helmet of Usis Jan {rElec Int+3} (You
                  | found it on level 4 of the Dungeon)
  3200 | D:4      | Noticed Natasha
  3209 | D:4      | Killed Natasha
  3209 | D:4      | Reached skill level 1 in Maces & Flails
  3218 | D:4      | Noticed Natasha
  3222 | D:4      | Killed Natasha
  3349 | D:4      | Mangled by an ogre

Levels and vault maps discovered:
D:1:      lightli_arrival_lavapool, layout_basic
D:2:      layout_basic, makhleb_heckhound_becter
D:3:      layout_loops_cross, old_standard_altar, cheibrodos_sewer_entry_drain
D:4:      layout_loops_cross, minivault_23, uniq_natasha

Skill      XL: |  1  2  3  4  5  6 |
---------------+-------------------+-----
Long Blades    | 3 4 |  4.2
Armour         | 2 |  2.0
Dodging        | 2 |  2.8
Throwing       | 1 2 3 |  3.2
Shields        | 1 |  1.3
Fighting       | 4 |  4.0
Maces & Flails | 1 |  1.5
Stealth        | |  0.7

Action                   |  1- 3 |  4- 6 || total
-------------------------+-------+-------++-------
Melee: Falchion          |    77 |    47 ||   124
       Flail             |       |    47 ||    47
Throw: Boomerang         |    21 |    52 ||    73
       Dart              |       |     6 ||     6
Invok: Berserk           |     1 |     1 ||     2
       Trog's Hand       |       |     1 ||     1
Evoke: Wand              |       |     1 ||     1
  Use: Scroll            |     2 |     6 ||     8
 Stab: Sleeping          |     2 |       ||     2
  Eat: Chunk             |     1 |     3 ||     4
       Ration            |     1 |     1 ||     2
Armor: Animal skin       |    21 |     6 ||    27
       Ring mail         |       |    17 ||    17
Dodge: Dodged            |    36 |    28 ||    64
Block: Shield            |    21 |    31 ||    52
       Rpst.: Falchion   |    12 |     4 ||    16

Table legend:
 A = Non-vault XP
 B = Vault XP
 C = Vault XP percentage of total XP
 D = Non-vault monster count
 E = Vault monster count
 F = Vault count percentage of total count
                 A         B        C        D         E       F
            +---------+---------+-------+---------+---------+-------
      Total |     514 |     195 |  27.5 |      62 |      10 |  13.9
            +---------+---------+-------+---------+---------+-------
        D:1 |      21 |       0 |   0.0 |      13 |       0 |   0.0
        D:2 |     116 |      40 |  25.6 |      19 |       1 |   5.0
        D:3 |      83 |       6 |   6.7 |      14 |       2 |  12.5
        D:4 |     294 |      35 |  10.6 |      16 |       1 |   5.9
      Sewer |       0 |     114 | 100.0 |       0 |       6 | 100.0
            +---------+---------+-------+---------+---------+-------
